 Seeded DCSS version 0.30-a0-242-g7bf8e6d787 (webtiles) character file.

Game seed: 6617275544464515907 (custom seed)

63 Iusername the Covered (level 3, -1/33 HPs)
             Began as a Minotaur Fighter on Oct 11, 2022.
             Slain by Crazy Yiuf
             ... wielding a +2 quarterstaff of chaos
              (8 damage)
             ... on level 2 of the Dungeon.
             The game lasted 00:00:54 (1458 turns).

Iusername the Covered (Minotaur Fighter)            Turns: 1458, Time: 00:00:55

Health: -1/33      AC:  7    Str: 22    XL:     3   Next: 89%
Magic:  2/2        EV: 10    Int:  5    God:
Gold:   94         SH:  0    Dex:  9    Spells: 2/2 levels left

rFire   . . .      SeeInvis .    a - +0 war axe
rCold   . . .      Faith    .    (no shield)
rNeg    . . .      Spirit   .    b - +0 scale mail
rPois   .          Reflect  .    (helmet restricted)
rElec   .          Harm     .    (no cloak)
rCorr   .          Rampage  .    (no gloves)
Will    .....                    (no boots)
Stlth   ..........               (no amulet)
HPRegen 0.25/turn                (no ring)
MPRegen 0.08/turn                (no ring)

@: no status effects
A: horns 2, retaliatory headbutt
a: no special abilities


You were on level 2 of the Dungeon.
You visited 1 branch of the dungeon, and saw 2 of its levels.

You collected 94 gold pieces.

Inventory:

Hand Weapons
 a - a +0 war axe (weapon)
Armour
 b - a +0 scale mail (worn)
Jewellery
 h - a ring of ice
 i - an amulet of regeneration
 k - a +4 ring of protection
 n - a ring of flight
 o - an amulet of the acrobat
Scrolls
 c - 3 scrolls of identify {unknown}
 e - a scroll of teleportation {unknown}
 f - a scroll of noise {unknown}
 j - a scroll of fear {unknown}
Potions
 d - a potion of might
 g - a potion of heal wounds {unknown}
 l - 5 potions of curing {unknown}
 m - a potion of flight {unknown}


   Skills:
 + Level 4.0 Fighting
 + Level 3.7 Axes
 + Level 4.4 Armour
 + Level 0.4 Dodging
 + Level 3.9 Shields


You had 2 spell levels left.
You didn't know any spells.
Your spell library contained the following spells:

 Spells                   Type           Power      Damage    Failure   Level
 Blink                    Tloc           0%         N/A       90%         2
 Momentum Strike          Conj/Tloc      0%         3d8       90%         2
 Lesser Beckoning         Tloc           0%         N/A       99%         3
 Malign Gateway           Summ/Tloc      0%         N/A       100%        7
 Summon Horrible Things   Summ           0%         N/A       100%        8


Dungeon Overview and Level Annotations

Branches:
Dungeon (2/15)

Altars:

Annotations:
D:2 Crazy Yiuf


Innate Abilities, Weirdness & Mutations

You have a pair of horns on your head.
You reflexively headbutt those who attack you in melee.


Message History

You see here 5 large rocks.
c - 3 scrolls labelled HEHUXK LOGUE (gained 1) Key pressed, stopping explore.
No target in view!
Unknown command.
No target in view!
You now have 94 gold pieces (gained 15).
You see here a ball python skeleton.
Things that are here:
a +0 dagger; a kobold skeleton You see here a +0 club.
You see here a rat corpse.
Key pressed, stopping explore.
Unknown command.
No target in view!
Crazy Yiuf shouts!
No reachable target in view!
Unknown command.
Could not explore, unopened runed door.
No reachable target in view!
Unknown command.
Could not explore, unopened runed door.
No reachable target in view!
You open the door. You barely miss Crazy Yiuf. Crazy Yiuf barely misses you.
You hit Crazy Yiuf.
Crazy Yiuf is moderately wounded.
Crazy Yiuf hits you with a +2 quarterstaff of chaos!
Crazy Yiuf freezes you.
You hit Crazy Yiuf.
Crazy Yiuf is moderately wounded.
Crazy Yiuf yells, "Line!"
Crazy Yiuf hits you with a +2 quarterstaff of chaos!
Crazy Yiuf burns you.
* * * LOW HITPOINT WARNING * * *
Crazy Yiuf barely misses you. You furiously retaliate!
You headbutt Crazy Yiuf. You slash Crazy Yiuf!
Crazy Yiuf is severely wounded.
Crazy Yiuf hits you with a +2 quarterstaff of chaos!
You die...

#.#.# #..##..... #.#.#
#..##.#### #.#.# #..##.# #
##### #...#.# # #...#.# #
###♣♣♣♣♣ #.#.#.####
##.+..♣.♣♣♣ ### #.......(.
##......♣..♣#...#
#.........
#......♣♣♣♣@g...#
###.#.#.## #...+.♣♣
♣♣#..)# #.#..#..# #..##♣♣
### #...###.# ##.#
#.##.#..# #.# ####..#.#
#.# #####.##.#
#.###############........#
#..................##.####
###########.#########.#


You could see Crazy Yiuf.

Vanquished Creatures
  An adder (D:2)
  A worm (D:2)
  A dart slug (D:2)
  3 bats
  4 endoplasms
  6 giant cockroaches
  5 goblins
  7 hobgoblins
  4 kobolds
  A quokka (D:1)
  3 ball pythons
  3 frilled lizards
  5 rats
44 creatures vanquished.

Notes
Turn   | Place    | Note
-------+----------+-------------------------------------------
     0 | D:1      | Iusername the Minotaur Fighter began the quest for the Orb.
     0 | D:1      | Reached XP level 1. HP: 19/19 MP: 0/0
   150 | D:1      | Reached XP level 2. HP: 27/27 MP: 1/1
   170 | D:1      | Found a faded altar of an unknown god.
   771 | D:2      | Reached XP level 3. HP: 33/33 MP: 2/2
   863 | D:2      | Found a runed translucent door.
   864 | D:2      | Noticed Crazy Yiuf
  1458 | D:2      | Slain by Crazy Yiuf

Illustrated notes

Levels and vault maps discovered:
D:1:      eino_arrival_tree_alley, layout_loops_ring,
          hellmonk_ecumenical_altar_crossroads
D:2:      minmay_diamond_boxcup, layout_loops_ring, uniq_crazy_yiuf_cottage

Skill      XL: |  1  2  3 |
---------------+----------+-----
Axes           | 3 |  3.7
Armour         | 4 |  4.4
Fighting       | 4 |  4.0
Dodging        | |  0.4
Shields        | |  3.9

Action                   || total
-------------------------++-------
Melee: War axe           ||    74
       Headbutt          ||    10
       Punch             ||     1
Armor: Scale mail        ||    40
Dodge: Dodged            ||    38

Table legend: (Time is in decaauts)
 A = Elapsed time spent in this place.
 B = Non-inter-level travel time spent in this place.
 C = Inter-level travel time spent in this place.
 D = Time resting spent in this place.
 E = Time spent auto-exploring this place.
 F = Levels seen in this place.
 G = Mean time per level.
                   A        B        C        D        E       F      G
               +--------+--------+--------+--------+--------+-----+--------+
         Total |   1483 |   1457 |     26 |      0 |   1230 |   2 |  741.5 |
       Dungeon |   1483 |   1457 |     26 |      0 |   1230 |   2 |  741.5 |
               +--------+--------+--------+--------+--------+-----+--------+

Top non-repeatable levels by time:
     D:1: 767 daAuts
     D:2: 715 daAuts
